 Dungeon Crawl Stone Soup version 0.24.0-41-g2ae2f7f1be (webtiles) character file.

Game seed: 9864003482341258825, levelgen mode: deterministic

9524 Henning the Basher (level 11, 0/69 HPs)
             Began as a Gargoyle Fighter on Dec 11, 2019.
             Was a High Priest of Okawaru.
             Killed from afar by Nergalle (18 damage)
             ... with a bolt of negative energy
             ... on level 10 of the Dungeon.
             The game lasted 00:38:46 (9944 turns).

Henning the Basher (Gargoyle Fighter)               Turns: 9944, Time: 00:38:47

Health: 0/69       AC: 28    Str: 23    XL:     11   Next: 47%
Magic:  15/15      EV:  5    Int:  9    God:    Okawaru [*****.]
Gold:   790        SH: 20    Dex:  9    Spells: 10/10 levels left

rFire    . . .     SeeInvis .   a - +2 eveningstar (drain)
rCold    + . .     Gourm    .   n - +1 large shield
rNeg     + . .     Faith    .   J - +4 chain mail {rC+}
rPois    ∞         Spirit   .   v - +0 helmet
rElec    +         Reflect  +   k - +1 cloak {rPois}
rCorr    .         Harm     .   i - +1 pair of gloves
MR       .....                  (no boots)
Stlth    ..........             x - +3 amulet of reflection
HPRegen  0.21/turn              s - ring of flight
MPRegen  0.14/turn              (no ring)

@: drained
A: negative energy resistance 1, electricity resistance, unbreathing,
petrification resistance, rot immunity, AC +8
a: Heroism, Finesse, Renounce Religion, Evoke Flight


You were on level 10 of the Dungeon.
You worshipped Okawaru.
Okawaru was extremely pleased with you.
You were not hungry.

You visited 2 branches of the dungeon, and saw 11 of its levels.

You collected 790 gold pieces.

Inventory:

Hand Weapons
 a - a +2 eveningstar of draining (weapon)
 y - the +1 broad axe "Boaqeb" {pain, +Fly Int+5 Stlth-}
   (Okawaru gifted it to you on level 9 of the Dungeon)

   In the hands of one skilled in necromantic magic, it inflicts extra damage on
   living creatures.
   It affects your intelligence (+5).
   It lets you fly.
   It makes you less stealthy.
 I - a +0 flail of crushing
 L - a +6 executioner's axe of flaming
Armour
 c - a +0 shield
 i - a +1 pair of gloves (worn)
 k - a +1 cloak of poison resistance (worn)
 n - a +1 large shield (worn)
 v - a +0 helmet (worn)
 C - a +1 scale mail of cold resistance
 J - a +4 chain mail of cold resistance (worn)
Jewellery
 s - a ring of flight (left hand)
 x - a +3 amulet of reflection (around neck)
Wands
 u - a wand of scattershot (5)
 D - a wand of paralysis (9)
 G - a wand of random effects (15)
 H - a wand of disintegration (15)
Scrolls
 b - 2 scrolls of magic mapping {unknown}
 e - 4 scrolls of remove curse
 h - 3 scrolls of teleportation
 j - a scroll of vulnerability {unknown}
 l - a scroll of fog {unknown}
 m - 2 scrolls of fear
 o - 2 scrolls of blinking
 A - 3 scrolls of identify
 E - a scroll of immolation
 M - a scroll of amnesia
Potions
 d - 2 potions of might
 g - 3 potions of flight
 p - a potion of experience {unknown}
 q - 5 potions of curing
 r - a potion of invisibility
 t - 2 potions of ambrosia
 w - 2 potions of haste
 z - a potion of mutation {unknown}
 B - 3 potions of lignification {unknown}
 F - a potion of heal wounds {unknown}
Comestibles
 f - 22 rations
 K - a chunk of flesh


   Skills:
 + Level 8.7(7.6) Fighting
 * Level 10.6(9.5) Maces & Flails
 + Level 8.5(7.5) Armour
 - Level 3.1(2.2) Dodging
 + Level 8.5(7.5) Shields
 + Level 6.0(5.1) Invocations


You had 10 spell levels left.
You didn't know any spells.
Your spell library contained the following spells:

 Spells                   Type           Power        Failure   Level  Hunger
 Summon Small Mammal      Summ           #...         100%        1    ##.....
 Call Imp                 Summ           #.......     100%        2    ###....
 Call Canine Familiar     Summ           #.......     100%        3    ####...
 Summon Guardian Golem    Hex/Summ       #.......     100%        3    ####...
 Summon Ice Beast         Ice/Summ       #.......     100%        4    #####..
 Summon Lightning Spire   Summ/Air       #.......     100%        4    #####..
 Bolt of Magma            Conj/Fire/Erth #.........   100%        5    ######.
 Iskenderun's Battlesphe  Conj/Chrm      #.......     100%        5    ######.
 Venom Bolt               Conj/Pois      #.........   100%        5    ######.
 Iron Shot                Conj/Erth      #.........   100%        6    #######
 Orb of Destruction       Conj           #.........   100%        7    #######
 Spellforged Servitor     Conj/Summ      #.........   100%        7    #######


Dungeon Overview and Level Annotations

Branches:
Dungeon (10/15)            Temple (1/1) D:4            Lair (0/6) D:9
    Orc (0/2) D:10

Altars:
Ashenzari
Cheibriados
Dithmenos
Elyvilon
Fedhas
Gozag
Hepliaklqana
Kikubaaqudgha
Makhleb
Nemelex Xobeh
Okawaru
Qazlal
Ru
Sif Muna
Trog
Uskayaw
Vehumet
Wu Jian
Xom
Yredelemnul
Zin
The Shining One

Shops:
D:4 }

Annotations:
D:10 Erolcha, Nergalle


Innate Abilities, Weirdness & Mutations

You are resistant to torment.
Your stone body is resilient. (AC +8)
You are immune to poison.
You resist negative energy. (rN+)
You are resistant to electric shocks. (rElec)
You can survive without breathing.
You are immune to petrification.
You are immune to rotting.


Message History

Found a stone staircase leading down.
Erolcha shouts!
Nergalle the Soulbinder comes into view.
She is wielding a +0 dagger.
Erolcha casts a spell at you. You resist with some effort.
Found a leatherbound book.
Erolcha points at you and mumbles some strange words.
You suddenly lose the ability to move!
You can move again.
Erolcha screams, "Blood!"
Erolcha points at you and mumbles some strange words.
The orb of energy hits you!!
The orb of energy explodes!
Nergalle points at you and mumbles some strange words.
The bolt of negative energy hits you! You partially resist.
You feel drained. Nergalle casts a spell at you.
The bolt of negative energy hits you! You partially resist.
You feel drained.
* * * LOW HITPOINT WARNING * * *
Nergalle gestures at you while chanting.
The bolt of negative energy hits you!! You partially resist.
You feel drained.
You die...

.............#########.##########
..............................)..
.................................
..#######..........#######..#####
..# #..........# #..#
..#######..........# #..#
...................#######..#####
.................................
................@#########...####
..####...######..# #...# ..#
#...# #..# #...# ..# #...# #..#
#...# ..####...# #..# #...####
.........######o.#########.......
..............O..................
......................#######.##
......................# #.##


You could see Nergalle and Erolcha.

Vanquished Creatures
  Harold (D:9)
  2 two-headed ogres (D:10)
  Urug (D:10)
  Pikel (D:8)
  Joseph (D:9)
  Maurice (D:7)
  Psyche (D:8)
  A troll (D:10)
  A queen bee (D:10)
  A hornet (D:6)
  Menkaure (D:5)
  3 wargs
  2 vampire mosquitoes (D:9)
  2 orc warriors
  A sky beast (D:5)
  3 slaves (D:8)
  2 ice beasts
  9 ogres
  A black bear (D:6)
  3 phantoms
  A centaur (D:5)
  2 big kobolds
  4 bullfrogs
  2 scorpions
  14 killer bees (D:10)
  2 howler monkeys
  4 crimson imps
  4 hounds
  Crazy Yiuf (D:3)
  2 bullfrog skeletons
  11 orc wizards
  A centaur skeleton (D:5)
  A gnoll shaman (D:5)
  7 orc priests
  An iron imp (D:8)
  4 jellies
  Natasha (thrice) (D:3)
  3 iguanas
  2 worker ants
  2 hound zombies
  2 worker ant zombies
  6 gnolls
  7 adders
  2 shadow imps
  3 oozes
  2 adder zombies
  5 adder skeletons
  4 worms
  A dart slug (D:1)
  6 leopard geckos
  30 orcs
  6 bats
  6 giant cockroaches
  5 goblins
  6 hobgoblins
  8 jackals
  4 quokkas
  2 ball pythons
  4 frilled lizards
  21 kobolds
  A leopard gecko skeleton (D:4)
  A quokka skeleton (D:9)
  7 rats
248 creatures vanquished.

Vanquished Creatures (others)
  A slave (D:8)
  A centaur (D:9)
  An iguana (D:8)
  2 orcs (D:8)
  A kobold (D:9)
  4 toadstools (D:1)
10 creatures vanquished.

Grand Total: 258 creatures vanquished

Notes
Turn   | Place    | Note
-------+----------+-------------------------------------------
     0 | D:1      | Henning the Gargoyle Fighter began the quest for the Orb.
     0 | D:1      | Reached XP level 1. HP: 14/14 MP: 1/1
   119 | D:1      | Reached XP level 2. HP: 19/19 MP: 2/2
   381 | D:1      | Reached XP level 3. HP: 22/23 MP: 3/3
   609 | D:2      | Reached skill level 1 in Dodging
   732 | D:2      | Reached XP level 4. HP: 23/28 MP: 4/4
   762 | D:2      | Reached skill level 3 in Maces & Flails
  1423 | D:3      | Found a runed translucent door.
  1424 | D:3      | Noticed Crazy Yiuf
  1430 | D:3      | Killed Crazy Yiuf
  1430 | D:3      | Reached XP level 5. HP: 33/33 MP: 5/5
  1674 | D:3      | Found an opulent altar of Gozag.
  1675 | D:3      | Found a basalt altar of Yredelemnul.
  1795 | D:3      | Noticed Natasha
  1799 | D:3      | Killed Natasha
  1799 | D:3      | Reached XP level 6. HP: 22/38 MP: 6/6
  1805 | D:3      | Noticed Natasha
  1818 | D:3      | Killed Natasha
  1818 | D:3      | Reached skill level 4 in Maces & Flails
  2070 | D:3      | Noticed Natasha
  2081 | D:3      | Killed Natasha
  2490 | D:4      | Found a staircase to the Ecumenical Temple.
  2505 | Temple   | Entered the Ecumenical Temple
  2582 | Temple   | Became a worshipper of Warmaster Okawaru
  2886 | D:4      | Found Nurhaocid's Gadget Boutique.
  3081 | D:5      | Entered Level 5 of the Dungeon
  3264 | D:5      | Noticed Menkaure
  3272 | D:5      | Killed Menkaure
  3272 | D:5      | Reached XP level 7. HP: 32/44 MP: 7/7
  3528 | D:5      | Found a shadowy altar of Dithmenos.
  3545 | D:5      | Reached skill level 5 in Maces & Flails
  3733 | D:5      | Reached * piety under Okawaru
  3733 | D:5      | Reached skill level 5 in Fighting
  3775 | D:5      | Reached skill level 5 in Shields
  3775 | D:5      | Reached XP level 8. HP: 12/49 MP: 8/8
  4089 | D:5      | Reached skill level 5 in Armour
  4443 | D:6      | Noticed a hornet
  4499 | D:6      | Killed a hornet
  4499 | D:6      | Reached skill level 6 in Maces & Flails
  4499 | D:6      | Reached skill level 1 in Invocations
  4540 | D:6      | Reached ** piety under Okawaru
  4946 | D:6      | Reached XP level 9. HP: 51/55 MP: 10/10
  4960 | D:6      | Found a blossoming altar of Fedhas.
  5106 | D:6      | Found a stormy altar of Qazlal.
  5156 | D:6      | Reached skill level 7 in Maces & Flails
  5257 | D:6      | Found a bloodstained altar of Trog.
  5323 | D:7      | Found a snail-covered altar of Cheibriados.
  5393 | D:7      | Reached *** piety under Okawaru
  5935 | D:8      | Noticed Pikel
  5950 | D:8      | Noticed Maurice
  6303 | D:7      | Killed Maurice
  6303 | D:7      | Reached skill level 8 in Maces & Flails
  6367 | D:8      | Killed Pikel
  6367 | D:8      | Reached XP level 10. HP: 54/63 MP: 11/13
  6409 | D:8      | Paralysed by fainting for 5 turns
  6462 | D:8      | Reached **** piety under Okawaru
  6648 | D:8      | Noticed Psyche
  6653 | D:8      | Killed Psyche
  6833 | D:8      | Found a snail-covered altar of Cheibriados.
  6909 | D:8      | Found an ancient bone altar of Kikubaaqudgha.
  7417 | D:9      | Found a staircase to the Lair.
  7590 | D:9      | Reached skill level 9 in Maces & Flails
  7866 | D:9      | Reached ***** piety under Okawaru
  8000 | D:9      | Noticed Harold
  8006 | D:9      | Reached skill level 5 in Invocations
  8040 | D:9      | Killed Harold
  8052 | D:9      | Noticed Joseph
  8067 | D:9      | Killed Joseph
  8067 | D:9      | Received a gift from Okawaru
  8072 | D:9      | Got a shimmering broad axe {god gift}
  8103 | D:9      | Identified the +1 broad axe "Boaqeb" {pain, +Fly Int+5
                  | Stlth-} (Okawaru gifted it to you on level 9 of the
                  | Dungeon)
  8957 | D:10     | Entered Level 10 of the Dungeon
  9042 | D:10     | Reached skill level 10 in Maces & Flails
  9042 | D:10     | Reached XP level 11. HP: 60/68 MP: 14/14
  9157 | D:10     | Noticed Urug
  9200 | D:10     | Killed Urug
  9320 | D:10     | Noticed Erolcha
  9329 | D:10     | Noticed a two-headed ogre
  9366 | D:10     | Found a staircase to the Orcish Mines.
  9527 | D:10     | Killed a two-headed ogre
  9705 | D:10     | Noticed a two-headed ogre
  9714 | D:10     | Killed a two-headed ogre
  9714 | D:10     | Received a gift from Okawaru
  9927 | D:10     | Noticed Nergalle
  9929 | D:10     | Paralysed by Erolcha for 4 turns
  9944 | D:10     | Killed from afar by Nergalle

Levels and vault maps discovered:
D:1:      ldierk_water_garden, layout_loops_cross
D:2:      layout_rooms, first_ration
D:3:      layout_basic, gammafunk_temple_overflow_statue,
          uniq_crazy_yiuf_cottage, uniq_natasha
D:4:      layout_basic, minmay_temple_entry_offerings, serial_shops, shop_statue
D:5:      layout_loops_ring, grunt_dithmenos_smoke_and_mirrors, uniq_menkaure
D:6:      layout_basic, lemuel_round_altar, basic_altar,
          nicolae_qazlal_eye_of_the_storm
D:7:      layout_rooms, minmay_ruined_shrine
D:8:      layout_basic, kennysheep_little_box, slow_altar_1, uniq_pikel,
          uniq_psyche, uniq_maurice
D:9:      layout_stronghold, erik_lair_orcish_takeover, uniq_harold, uniq_joseph
D:10:     layout_long_grid, orc_0_dummy, david_nohive_1, uniq_nergalle,
          uniq_erolcha, uniq_urug
Temple:   nicolae_temple_x_marks_the_god

Skill      XL: |  1  2  3  4  5  6  7  8  9 10 11 |
---------------+----------------------------------+-----
Dodging        | 1 2 3 |  3.1
Maces & Flails | 3 4 5 6 8 10 | 10.6
Fighting       | 4 5 7 8 |  8.7
Shields        | 4 5 6 8 |  8.5
Armour         | 4 5 6 8 |  8.5
Invocations    | 2 4 5 6 |  6.0

Action                   |  1- 3 |  4- 6 |  7- 9 | 10-12 || total
-------------------------+-------+-------+-------+-------++-------
Melee: Flail             |   134 |   262 |   486 |   519 ||  1401
       Eveningstar       |       |       |       |    37 ||    37
  Use: Scroll            |       |       |    14 |       ||    14
       Potion            |       |       |     1 |       ||     1
 Stab: Distracted        |       |       |       |     1 ||     1
  Eat: Chunk             |       |     8 |     9 |    12 ||    29
       Ration            |       |       |       |     1 ||     1
Armor: Scale mail        |    59 |   106 |   156 |   145 ||   466
       Chain mail        |       |    14 |    44 |   101 ||   159
       Skin              |       |       |    20 |       ||    20
Dodge: Dodged            |    47 |    97 |    93 |   103 ||   340
Block: Shield            |    70 |   128 |    42 |       ||   240
       Large shield      |       |       |   390 |   656 ||  1046
       Reflection        |       |       |    16 |    16 ||    32
